 Dungeon Sprint DCSS version 0.31-a0-986-g5e6e4ef867 (webtiles) character file.

Game seed: 9626157587655331063

278 rocky1 the Grappler (level 8, -11/90 HPs)
             Began as an Octopode Shapeshifter on Nov 17, 2023.
             Was an Initiate of Gozag.
             Mangled by Aizul (12 damage)
             ... in the Dungeon (Sprint VI: "Thunderdome").
             The game lasted 00:07:13 (802 turns).

rocky1 the Grappler (Octopode Shapeshifter)          Turns: 802, Time: 00:07:14

Health: -11/90     AC:  0    Str: 15    XL:     8   Next: 50%
Magic:  8/8        EV: 16    Int: 15    God:    Gozag
Gold:   798        SH:  0    Dex: 11    Spells: 7/7 levels left

rFire   + .          .
                       - Unarmed
rCold   + . .        (shield currently unavailable)
rNeg    . . .        (helmet currently unavailable)
rPois   +            q - amulet of the Queen {RegenMP Regen+ Str+2}
rElec   +            x - melded ring of Abstinence {rF+ rC+ MP+9}
rCorr   +            w - melded ring "Kobroloypp" {rF+ rC+ Dex+6}
SInv    .            t - melded ring "Mywniv" {+Blink Slay+4}
Will    .....        p - melded ring "Weolotsesei" {EV+5 Str+2 Dex+4} Stlth
                     o - melded ring "Heijod" {Contam Str+2 Int+3 SInv}
HPRegen 1.15/turn    s - melded ring of Nacaplov {MP+9 Str+4}
MPRegen 0.51/turn    u - melded ring "Gusirudy" {+Blink rElec AC+4 Int+2}
                     (ring currently unavailable)

%: no teleportation
@: berserking, lethally poisoned (-11 -> -12), pig-form (expiring), resistant,
very quick
A: fast, no casting, almost no armour, (amphibious), (8 rings), small,
(camouflage 1), (gelatinous body 1), (nimble swimmer 1), (tentacles)
a: Renounce Religion, Potion Petition, Call Merchant, Bribe Branch


You were in the Dungeon.
You worshipped Gozag.
Gozag was pleased with you.
You were a filthy swine.
You visited 1 branch You collected 1968 gold pieces.
You spent 1170 gold pieces at shops.

Inventory:

Missiles
 z - 5 poisoned darts
Jewellery
 o - the ring "Heijod" (melded) {Contam Str+2 Int+3 SInv}
   (You bought it in a shop in the Dungeon)

   [ring of see invisible]

   Str+2:     It affects your strength (+2).
   Int+3:     It affects your intelligence (+3).
   SInv:      It lets you see invisible.
   Contam:    It causes magical contamination when unequipped.
 p - the ring "Weolotsesei" (melded) {EV+5 Str+2 Dex+4}
   (You bought it in a shop in the Dungeon)

   [ring of evasion]

   EV+5:      It affects your evasion (+5).
   Str+2:     It affects your strength (+2).
   Dex+4:     It affects your dexterity (+4).
 q - the amulet of the Queen (around neck) {RegenMP Regen+ Str+2}
   (You bought it in a shop in the Dungeon)

   [amulet of magic regeneration]

   RegenMP:   It increases your rate of magic regeneration.
   Str+2:     It affects your strength (+2).
   Regen+:    It increases your rate of health regeneration.
 r - the amulet of Kegihus {RegenMP Rampage MP+9}
   (You bought it in a shop in the Dungeon)

   [amulet of magic regeneration]

   RegenMP:   It increases your rate of magic regeneration.
   MP+9:      It affects your magic capacity (+9).
   Rampage:   It bestows one free step when moving towards enemies.
 s - the ring of Nacaplov (melded) {MP+9 Str+4}
   (You bought it in a shop in the Dungeon)

   [ring of magical power]

   Str+4:     It affects your strength (+4).
   MP+9:      It affects your magic capacity (+9).
 t - the ring "Mywniv" (melded) {+Blink Slay+4}
   (You bought it in a shop in the Dungeon)

   [ring of slaying]

   Slay+4:    It affects your accuracy & damage with ranged weapons and melee
   (+4).
   +Blink:    It lets you blink.
 u - the ring "Gusirudy" (melded) {+Blink rElec AC+4 Int+2}
   (You bought it in a shop in the Dungeon)

   [ring of protection]

   AC+4:      It affects your AC (+4).
   Int+2:     It affects your intelligence (+2).
   rElec:     It insulates you from electricity.
   +Blink:    It lets you blink.
 v - the ring "Luac" {*Slow +Blink MP+9 Str+6}
   (You bought it in a shop in the Dungeon)

   [ring of magical power]

   Str+6:     It affects your strength (+6).
   MP+9:      It affects your magic capacity (+9).
   +Blink:    It lets you blink.
   *Slow:     It may slow you when you take damage.
 w - the ring "Kobroloypp" (melded) {rF+ rC+ Dex+6}
   (You bought it in a shop in the Dungeon)

   [ring of dexterity]

   Dex+6:     It affects your dexterity (+6).
   rF+:       It protects you from fire.
   rC+:       It protects you from cold.
 x - the ring of Abstinence (melded) {rF+ rC+ MP+9}
   (You bought it in a shop in the Dungeon)

   [ring of protection from cold]

   rF+:       It protects you from fire.
   rC+:       It protects you from cold.
   MP+9:      It affects your magic capacity (+9).
Talismans
 b - a beast talisman
 c - a flux talisman
 y - a granite talisman
Wands
 k - a wand of acid (5) (quivered)
 n - a wand of flame (18)
Scrolls
 i - 2 scrolls of blinking
 m - 3 scrolls of fog
Potions
 a - a potion of lignification
 e - 3 potions of heal wounds
 f - 4 potions of haste
 g - 2 potions of magic


   Skills:
 + Level 7.1 Fighting
 + Level 6.2 Dodging
 + Level 12.1 Unarmed Combat
 - Level 0.4 Evocations
 * Level 11.1 Shapeshifting


You had 7 spell levels left.
You didn't know any spells.
Your spell library was empty.

Dungeon Overview and Level Annotations

Branches:
Dungeon (1/1)

Altars:
Cheibriados
Dithmenos
Fedhas
Gozag
Kikubaaqudgha
Makhleb
Okawaru
Qazlal
Ru
Sif Muna
Trog
Uskayaw
Vehumet
Wu Jian
Xom
Yredelemnul
Zin
The Shining One
Lugonu

Shops:
D *[=??*?*:[((!!!!

Annotations:
D Aizul


Innate Abilities, Weirdness & Mutations

You are a filthy swine.
You move quickly.
Your equipment is almost entirely melded.
You are incapable of wielding weapons or throwing items.
You cannot cast spells.
You cannot wear most types of armour.
((You are amphibious.))
((You can wear up to eight rings at the same time.))
((Your skin changes colour to match your surroundings (Stealth+).))
((Your rubbery body absorbs attacks. (AC +1, EV +1)))
((You are camouflaged when in or above water. (Stealth+)))
((You have tentacles for arms and can constrict up to eight enemies at once.))


Message History

Aizul casts a spell at you. The bolt of poison hits you. You resist.
You barely miss Aizul.
You feel sick.
A salamander comes into view. It is wielding a +0 glaive.
Aizul hits you!
You miss Aizul.
Your transformation is almost over.
Aizul barely misses you.
You closely miss Aizul.
You feel sick.
You hit Aizul.
Aizul is lightly wounded.
You feel sick.
Aizul coils herself and waves her upper body at you.
The bolt of poison hits you.
You are more poisoned.
You resist.
You bite Aizul!
Aizul is lightly wounded.
You feel sick. Aizul barely misses you.
You hit Aizul but do no damage.
Aizul is lightly wounded.
You feel sick. Aizul hits you!
* * * LOW HITPOINT WARNING * * *
You bite Aizul!
Aizul is lightly wounded.
You feel sick.
You closely miss Aizul.
Aizul is lightly wounded.
You feel sick. Aizul barely misses you.
You closely miss Aizul.
Aizul is lightly wounded.
You feel sick. Aizul hits you!!
* * * LOW HITPOINT WARNING * * *
Unknown command.
You barely miss Aizul.
Aizul is lightly wounded.
* * * LOW HITPOINT WARNING * * *
You feel sick. Aizul hits you!
You die...
Your body crumbles into a pile of gold.

##### ##⌠⌠⌠## #.....#
##.....## ##∩.....∩##
#∩.......∩# #_......h_#
#_...N.S._# #_........#
###.........###
#⌠...........⌠#
######.8...).....8.######
##∩_._......###......___∩##
#∩........8.# #.8........∩###
............###.............##


You could see Aizul and a salamander.

Vanquished Creatures
  A two-headed ogre (D)
  An unseen horror (D)
  A kobold brigand (D)
  A gnoll sergeant (D)
  2 wights (D)
  A jelly (D)
  Ijyb (D)
  An adder (D)
  A shadow imp (D)
  2 spectral bats (D)
  5 endoplasms (D)
  A goblin (D)
  3 hobgoblins (D)
  A spectral ball python (D)
  A spectral quokka (D)
23 creatures vanquished.

Notes
Turn   | Place    | Note
-------+----------+-------------------------------------------
     0 | D        | rocky1 the Octopode Shapeshifter began the quest for the
                  | Orb.
     0 | D        | Reached XP level 1. HP: 13/13 MP: 1/1
     3 | D        | Found a radiant altar of Vehumet.
     3 | D        | Found a corrupted altar of Lugonu.
     4 | D        | Found a shimmering altar of Xom.
     5 | D        | Found an ancient bone altar of Kikubaaqudgha.
     5 | D        | Found a glowing silver altar of Zin.
     5 | D        | Round 1.
     6 | D        | Found a snail-covered altar of Cheibriados.
     6 | D        | Found Kogocrua's Magic Scroll Shop.
     6 | D        | Found Kadghyzu's Staff Store.
     7 | D        | Found Waalowir's Magic Scroll Shop.
     7 | D        | Found Irabon's Must-Have Magic.
    11 | D        | Found an iron altar of Okawaru.
    12 | D        | Found an ornate altar of the Wu Jian Council.
    13 | D        | Found Meen's Distillery.
    13 | D        | Found a hide-covered altar of Uskayaw.
    13 | D        | Found a sacrificial altar of Ru.
    13 | D        | Found a blossoming altar of Fedhas.
    13 | D        | Found Epesmeko's Do-It-Yourself Clinic.
    14 | D        | Found Gedyrgh's Distillery.
    14 | D        | Found Egenim's Bottled Wisdom.
    18 | D        | Found an opulent altar of Gozag.
    19 | D        | Found a bloodstained altar of Trog.
    22 | D        | Found a basalt altar of Yredelemnul.
    23 | D        | Found Anira's Weapon Rack.
    24 | D        | Found Niges's Basic Armour.
    24 | D        | Found Reezag's Miscellaneous Merchandise.
    28 | D        | Became a worshipper of Gozag Ym Sagoz the Greedy
    29 | D        | Found a stormy altar of Qazlal.
    29 | D        | Found a burning altar of Makhleb.
    29 | D        | Found Xuafuor's Premium Goods.
    34 | D        | Found a shimmering blue altar of Sif Muna.
    35 | D        | Found a glowing golden altar of the Shining One.
    36 | D        | Found Sade Wur's Identification Station.
    36 | D        | Found a shadowy altar of Dithmenos.
    36 | D        | Found Dawka's Timeless Talismans.
    39 | D        | Found Vitampig's Advanced Armour.
    39 | D        | Found Plog's Jewellery.
    40 | D        | Noticed Ijyb
    45 | D        | Killed Ijyb
    46 | D        | Reached skill level 4 in Unarmed Combat
    46 | D        | Reached XP level 2. HP: 4/18 MP: 2/2
    46 | D        | Reached XP level 3. HP: 5/23 MP: 3/3
   196 | D        | Arena points: 12 (+12) [x2]
   197 | D        | Reached skill level 5 in Unarmed Combat
   217 | D        | Round 2.
   221 | D        | Bought a coiled golden ring for 45 gold pieces
   221 | D        | Identified the ring "Heijod" {Contam Str+2 Int+3 SInv} (You
                  | bought it in a shop in the Dungeon)
   221 | D        | Bought a clouded platinum ring for 45 gold pieces
   221 | D        | Identified the ring "Weolotsesei" {EV+5 Str+2 Dex+4} (You
                  | bought it in a shop in the Dungeon)
   221 | D        | Bought a steaming crystal amulet for 45 gold pieces
   221 | D        | Identified the amulet of the Queen {RegenMP Regen+ Str+2}
                  | (You bought it in a shop in the Dungeon)
   221 | D        | Bought a smoking garnet amulet for 45 gold pieces
   221 | D        | Identified the amulet of Kegihus {RegenMP Rampage MP+9}
                  | (You bought it in a shop in the Dungeon)
   221 | D        | Bought a fine jade ring for 45 gold pieces
   221 | D        | Identified the ring of Nacaplov {MP+9 Str+4} (You bought it
                  | in a shop in the Dungeon)
   221 | D        | Bought a crude wooden ring for 45 gold pieces
   221 | D        | Identified the ring "Mywniv" {+Blink Slay+4} (You bought it
                  | in a shop in the Dungeon)
   221 | D        | Bought a bound steel ring for 45 gold pieces
   221 | D        | Identified the ring "Gusirudy" {+Blink rElec AC+4 Int+2}
                  | (You bought it in a shop in the Dungeon)
   221 | D        | Bought a heavily runed copper ring for 45 gold pieces
   221 | D        | Identified the ring "Luac" {*Slow +Blink MP+9 Str+6} (You
                  | bought it in a shop in the Dungeon)
   221 | D        | Bought a coiled amber ring for 45 gold pieces
   221 | D        | Identified the ring "Kobroloypp" {rF+ rC+ Dex+6} (You
                  | bought it in a shop in the Dungeon)
   221 | D        | Bought a bound turquoise ring for 45 gold pieces
   221 | D        | Identified the ring of Abstinence {rF+ rC+ MP+9} (You
                  | bought it in a shop in the Dungeon)
   284 | D        | Reached skill level 6 in Unarmed Combat
   284 | D        | Reached skill level 5 in Shapeshifting
   284 | D        | Reached XP level 4. HP: 26/29 MP: 4/4
   359 | D        | Arena points: 54 (+42) [x3]
   376 | D        | Bought a potion of experience for 300 gold pieces
   376 | D        | Reached skill level 5 in Dodging
   376 | D        | Reached skill level 8 in Unarmed Combat
   376 | D        | Reached XP level 5. HP: 41/41 MP: 5/5
   413 | D        | Round 3.
   460 | D        | Reached skill level 9 in Unarmed Combat
   542 | D        | Arena points: 138 (+84) [x4]
   543 | D        | Reached XP level 6. HP: 33/47 MP: 6/6
   566 | D        | Bought a granite talisman for 420 gold pieces
   600 | D        | Round 4.
   635 | D        | Noticed an unseen horror
   641 | D        | Killed an unseen horror
   642 | D        | Reached skill level 10 in Unarmed Combat
   642 | D        | Reached XP level 7. HP: 39/54 MP: 7/7
   679 | D        | Noticed a two-headed ogre
   686 | D        | Killed a two-headed ogre
   687 | D        | Reached skill level 12 in Unarmed Combat
   687 | D        | Reached XP level 8. HP: 60/60 MP: 8/8
   747 | D        | Arena points: 278 (+140) [x5]
   767 | D        | Round 5.
   769 | D        | Identified the serpent talisman "Burhimo" {rC+ rCorr}
   769 | D        | Noticed Aizul
   793 | D        | Noticed a salamander
   801 | D        | HP: 2/90 [Aizul (21)]
   802 | D        | Mangled by Aizul

Illustrated notes

Levels and vault maps discovered:
D:        arena_sprint

Skill      XL: |  1  2  3  4  5  6  7 |
---------------+----------------------+-----
Unarmed Combat | 4 6 8 9 10 12 | 12.1
Shapeshifting  | 4 5 6 7 8 11 | 11.1
Fighting       | 2 6 7 |  7.1
Dodging        | 5 6 |  6.2
Evocations     | |  0.4

Action                     |  1- 3 |  4- 6 |  7- 9 || total
---------------------------+-------+-------+-------++-------
  Melee: Unarmed           |    11 |    23 |    21 ||    55
         Tentacles         |     4 |     2 |     3 ||     9
         Constrict         |     3 |     4 |     2 ||     9
         Punch             |     1 |     1 |     1 ||     3
  Evoke: Wand              |     3 |       |     2 ||     5
    Use: Potion            |       |     1 |     4 ||     5
         Scroll            |       |       |     2 ||     2
   Stab: Distracted        |       |     1 |       ||     1
 Armour: Skin              |     1 |     5 |    12 ||    18
  Dodge: Dodged            |     3 |    16 |    10 ||    29

Table legend: (Time is in decaauts)
 A = Elapsed time spent in this place.
 B = Non-inter-level travel time spent in this place.
 C = Inter-level travel time spent in this place.
 D = Time resting spent in this place.
 E = Time spent auto-exploring this place.
 F = Levels seen in this place.
 G = Mean time per level.
                   A        B        C        D        E       F      G
               +--------+--------+--------+--------+--------+-----+--------+
         Total |    786 |    786 |      0 |    122 |      0 |   1 |  786.0 |
       Dungeon |    786 |    786 |      0 |    122 |      0 |   1 |  786.0 |
               +--------+--------+--------+--------+--------+-----+--------+

Top non-repeatable levels by time:
       D: 786 daAuts
